 Dungeon Crawl Stone Soup version 0.18-a0-844-g9229740 (webtiles) character file.

780 JokEr the Spear-Bearer (level 7, 0/60 HPs)
             Began as a Merfolk Fighter on Dec 19, 2015.
             Slain by an orc priest (5 damage)
             ... on level 5 of the Dungeon.
             The game lasted 00:11:22 (5334 turns).

JokEr the Spear-Bearer (Merfolk Fighter)            Turns: 5334, Time: 00:11:22

Health: 0/60       AC: 11    Str: 16 (19) XL:     7   Next: 85%
Magic:  7/7        EV:  6    Int:  7      God:
Gold:   371        SH:  9    Dex: 13      Spells: 0 memorised, 6 levels left

rFire  x . .     SeeInvis .     a - +0 trident
rCold  + . .     Gourm    .     d - +2 scale mail {rPois}
rNeg   . . .     Faith    .     c - +0 shield
rPois  +         Spirit   .     r - +0 helmet
rElec  .         Dismiss  .     e - +0 cloak
rCorr  .         Reflect  .     (no gloves)
SustAt .         Harm     .     y - +0 pair of boots
MR     .....                    (no amulet)
Stlth  ..........               (no ring)
                                u - ring of ice

@: not resistant to hostile enchantments, extremely unstealthy
A: change form in water, swift swim
a: no special abilities


You were on level 5 of the Dungeon.
You were not hungry.

You visited 1 branch of the dungeon, and saw 5 of its levels.

You collected 371 gold pieces.

Inventory:

Hand Weapons
 a - a +0 trident (weapon)
Armour
 c - a +0 shield (worn)
 d - a +2 scale mail of poison resistance (worn)
 e - a +0 cloak (worn)
 r - a +0 helmet (worn)
 y - a +0 pair of boots (worn)
Jewellery
 u - a ring of ice (left hand)
Scrolls
 j - 2 scrolls of enchant armour
 l - 3 scrolls of magic mapping
 m - 2 scrolls of recharging
 n - 4 scrolls of remove curse
 s - a scroll of identify
 w - 2 scrolls of random uselessness
Potions
 k - a potion of degeneration
 o - 3 potions of cancellation
 p - a potion of flight {unknown}
 q - a potion of resistance {unknown}
 v - a potion of heal wounds {unknown}
 x - a potion of berserk rage {unknown}
Comestibles
 b - a slice of pizza
 f - 3 bread rations
 g - 5 meat rations
 h - a beef jerky
 t - 2 fruits


   Skills:
 + Level 7.3 Fighting
 + Level 9.1 Polearms
 - Level 2.1 Armour
 - Level 3.0 Shields


You had 6 spell levels left.
You didn't know any spells.

Dungeon Overview and Level Annotations

Branches:
Dungeon (5/15)
 Temple: D:4-7

Altars:
Elyvilon
Fedhas
Makhleb
Ru
Trog


Message History

The orc priest hits you.
You hit something. Something hits you but does no damage.
You block the orc priest's attack. Something hits you but does no damage.
You hit something. Something hits you but does no damage.
The orc priest casts a cantrip, but nothing happens.
You puncture something!
Reactivating autopickup.
You feel a bit more experienced. You block the orc priest's attack.
You closely miss the orc priest. The orc priest hits you.
* * * LOW HITPOINT WARNING * * *
You hit the orc priest but do no damage.
The orc priest calls down the wrath of Beogh upon you.
Something smites you!
* * * LOW HITPOINT WARNING * * *
Drink which item? (? for menu, Esc to quit)
Okay, then.
You hit the orc priest.
The orc priest is heavily wounded.
The orc priest hits you.
You die...

##.. ######..†
#...############....)...
.......................
#........###########
#...###### #...# ##..##
#...# ##@)# #o†# ##..#
..# #.. ..# #.# ..


You could see an orc priest.

Vanquished Creatures
  The ghost of Alethiolet the Bolt Thrower, an amateur DsWn (D:3)
  Duvessa (D:5)
  An ogre (D:5)
  A scorpion (D:5)
  Dowan (D:5)
  An orc wizard (D:5)
  2 orc priests
  2 worker ants
  6 adders
  A shadow imp (D:5)
  2 worms (D:3)
  An adder skeleton (D:4)
  A giant gecko (D:5)
  13 orcs
  7 bats
  3 giant cockroaches
  8 goblins
  3 hobgoblins
  3 ball pythons (D:1)
  2 giant newts
  12 jackals
  8 kobolds
  3 quokkas
  7 rats
90 creatures vanquished.

Notes
Turn   | Place    | Note
--------------------------------------------------------------
     0 | D:1      | JokEr the Merfolk Fighter began the quest for the Orb.
     0 | D:1      | Reached XP level 1. HP: 18/18 MP: 1/1
    31 | D:1      | Reached XP level 2. HP: 22/24 MP: 2/2
   518 | D:1      | Reached skill level 4 in Polearms
   911 | D:1      | Reached XP level 3. HP: 26/30 MP: 3/3
  1828 | D:2      | Found a sacrificial altar of Ru.
  2114 | D:3      | Reached XP level 4. HP: 38/38 MP: 4/4
  2141 | D:3      | Found a burning altar of Makhleb.
  2598 | D:3      | Reached skill level 5 in Polearms
  2991 | D:3      | Noticed a moth of wrath
  2994 | D:3      | Found a bloodstained altar of Trog.
  3316 | D:3      | Noticed Alethiolet's ghost (amateur DsWn)
  3335 | D:3      | Killed Alethiolet's ghost
  3335 | D:3      | Reached skill level 5 in Fighting
  3335 | D:3      | Reached skill level 7 in Polearms
  3335 | D:3      | Reached XP level 5. HP: 8/46 MP: 5/5
  3335 | D:3      | Reached XP level 6. HP: 9/52 MP: 6/6
  4387 | D:4      | Found a blossoming altar of Fedhas.
  4590 | D:5      | Entered Level 5 of the Dungeon
  4629 | D:5      | Noticed Dowan
  4630 | D:5      | Noticed Duvessa
  4661 | D:5      | Killed Dowan
  4661 | D:5      | Reached XP level 7. HP: 25/59 MP: 7/7
  4898 | D:5      | Killed Duvessa
  4898 | D:5      | Reached skill level 8 in Polearms
  5142 | D:5      | Found a white marble altar of Elyvilon.
  5327 | D:5      | Reached skill level 9 in Polearms
  5334 | D:5      | Slain by an orc priest

Vault maps used:
D:1:      erik_arrival_triangle_small
D:2:      nicolae_overflow_hidden_temple, minmay_misc_feat_nine_boxes
D:3:      tgw_trog, lemuel_doored_altar
D:4:      nicolae_overflow_crystal_walls, first_bread,
          hangedman_abyss_or_decor_stabs, due_unseen_surprise
D:5:      elyvilon_altar_5, uniq_duvessa

Action                   |  1- 3 |  4- 6 |  7- 9 || total
-------------------------+-------+-------+-------++-------
Melee: Trident           |   127 |   225 |    77 ||   429
  Use: Potion            |     1 |       |     3 ||     4
       Scroll            |    10 |     5 |     1 ||    16
  Eat: Chunk             |     3 |     8 |     2 ||    13
       Pizza             |       |       |     1 ||     1
